 Dungeon Crawl Stone Soup version 0.30-a0-618-gd6c86c23d0 (webtiles) character file.

Game seed: 168845089002686329

501 Darkkill the Shooter (level 6, -6/56 HPs)
             Began as a Minotaur Hunter on Jan 6, 2023.
             Killed by divine providence
             ... invoked by an orc priest
              (16 damage)
             ... on level 4 of the Dungeon on Jan 9, 2023.
             The game lasted 00:03:44 (2354 turns).

Darkkill the Shooter (Minotaur Hunter)              Turns: 2354, Time: 00:03:45

Health: -6/56      AC:  4    Str: 16    XL:     6   Next: 95%
Magic:  5/5        EV: 13    Int:  6    God:
Gold:   145        SH:  0    Dex: 15    Spells: 5/5 levels left

rFire   . . .      SeeInvis .    a - +0 shortbow
rCold   . . .      Faith    .    (shield currently unavailable)
rNeg    . . .      Spirit   .    c - +1 leather armour
rPois   .          Reflect  .    (helmet restricted)
rElec   .          Harm     .    (no cloak)
rCorr   .          Rampage  .    (no gloves)
Will    .....                    (no boots)
Stlth   ++                       (no amulet)
HPRegen 0.29/turn                l - +4 ring of slaying
MPRegen 0.09/turn                (no ring)

@: about to teleport
A: horns 2, retaliatory headbutt
a: no special abilities


You were on level 4 of the Dungeon.
You visited 1 branch of the dungeon, and saw 4 of its levels.

You collected 145 gold pieces.

Inventory:

Hand Weapons
 a - a +0 shortbow (weapon)
Missiles
 h - 3 atropa-tipped darts
 j - 22 stones
 k - 5 poisoned darts
Armour
 c - a +1 leather armour (worn)
Jewellery
 l - a +4 ring of slaying (left hand)
Scrolls
 b - 3 scrolls of immolation
 d - a scroll of teleportation
 o - 3 scrolls of enchant armour
Potions
 e - 2 potions of lignification
 f - 2 potions of curing {unknown}
 g - 3 potions of degeneration {unknown}
 i - 3 potions of might {unknown}
 m - a potion of invisibility {unknown}
 n - 3 potions of brilliance {unknown}
 p - a potion of attraction {unknown}
 q - a potion of berserk rage {unknown}


   Skills:
 + Level 5.0 Fighting
 + Level 5.9 Ranged Weapons
 + Level 4.5 Dodging
 + Level 3.2 Stealth


You had 5 spell levels left.
You didn't know any spells.
Your spell library contained the following spells:

 Spells                   Type           Power      Damage    Failure   Level
 Ignite Poison            Fire/Tmut/Pois 0%         N/A       88%         3
 Sticky Flame             Conj/Fire      0%         2d3       99%         4
 Ignition                 Fire           0%         3d3       100%        8


Dungeon Overview and Level Annotations

Branches:
Dungeon (4/15)
 Temple: D:4-7

Altars:
Dithmenos

Annotations:
D:4 Edmund


Innate Abilities, Weirdness & Mutations

You have a pair of horns on your head.
You reflexively headbutt those who attack you in melee.


Message History

A goblin comes into view. It is wielding a +0 club.
A goblin is nearby!
You shoot an arrow. The arrow hits the goblin!
You kill the goblin!
No target in view!
o - 3 scrolls of enchant armour No target in view!
No target in view!
q - a sedimented clear potion No target in view!
An adder comes into view.
You shoot an arrow. The arrow hits the adder.
The adder hisses angrily.
The adder is moderately wounded.
An adder is nearby!
You shoot an arrow. The arrow hits the adder!
You kill the adder!
A hound comes into view.
An endoplasm comes into view.
There are monsters nearby!
You shoot an arrow.
The arrow completely misses the endoplasm.
The hound barks!
You shoot an arrow. The arrow hits the endoplasm!
You kill the endoplasm!
A hound is nearby!
You shoot an arrow. The arrow hits the hound!
The hound is heavily wounded.
A hound is nearby!
You shoot an arrow. The arrow barely misses the hound.
The hound misses you. The hound bites you but does no damage.
A hound is nearby!
You shoot an arrow. The arrow hits the hound.
The hound is heavily wounded.
The hound misses you. The hound bites you.
A hound is nearby!
You shoot an arrow. The arrow hits the hound!
The hound is almost dead.
The hound barely misses you. You furiously retaliate!
You headbutt the hound!
You kill the hound!
Your Fighting skill increases to level 5!
b - 3 scrolls of immolation (gained 1)
You open the door.
Found a leather armour.
No target in view!
There is an open door here.
You see here a +0 leather armour. 2 orc wizards and an orc priest come into view.
You shoot an arrow.
The arrow hits the orc wizard but does no damage.
The orc wizard shouts!
You hear a shout! x2
The orc wizard points at you and mumbles some strange words.
You resist with some effort.
The orc priest shouts!
There are monsters nearby!
There are monsters nearby!
You shoot an arrow.
The arrow closely misses the orc wizard.
You hear a shout!
Edmund the Younger comes into view.
He is wielding a +4 dire flail of holy wrath and wearing a +2 ring mail of fire resistance.
You shoot an arrow. The arrow completely misses Edmund.
You shoot an arrow. The arrow hits Edmund.
Edmund is lightly wounded.
Edmund throws a stone.
The stone closely misses you.
An orc priest comes into view. It is wielding a +0 dagger.
You shoot an arrow. The arrow hits the orc wizard!
The orc wizard is almost dead.
You shoot an arrow. The arrow barely misses the orc wizard.
The orc wizard casts a spell.
The orc wizard flickers and vanishes!
Deactivating autopickup; reactivate with Ctrl-A.
The orc wizard completely misses you.
Edmund hits you with a +4 dire flail of holy wrath.
The orc wizard casts a spell at you. The puff of flame misses you.
You shoot an arrow. The arrow hits the orc wizard!
You kill the orc wizard!
Edmund hits you with a +4 dire flail of holy wrath!
Something hits you but does no damage.
An orc comes into view. It is wielding a +0 war axe.
You shoot an arrow.
The arrow hits Edmund but does no damage.
Edmund is lightly wounded.
Edmund barely misses you. The orc priest closely misses you.
You hear some strange, mumbled words.
A magic dart appears from out of thin air!
The magic dart hits you.
The orc priest mumbles some strange prayers to Beogh against you.
Beogh smites you!
You are too injured to fight recklessly!
You are too injured to fight recklessly!
You are too injured to fight recklessly!
As you read the scroll of teleportation, it crumbles to dust.
You feel strangely unstable.
Edmund hits you with a +4 dire flail of holy wrath.
The orc priest closely misses you.
Edmund hits you with a +4 dire flail of holy wrath!
* * * LOW HITPOINT WARNING * * *
The orc priest invokes the aid of Beogh against you.
Beogh smites you!
You die...

................... .....
########.##.#.##### .....
#.......##........
.o..###.................
. #................##...#
..#......................
.....o....###......##...#
........@.###......##...#
......o.@..##......##...#
.....#####.##......##...#
... #....######.##.... #
#.....#.....##....
#...#.#...........
#...#.#.....##....
##..........###....
#......##.#..##....
#......##.##.##....


You could see Edmund, 2 orc priests and an orc.

Vanquished Creatures
  An ogre (D:4)
  A hound (D:4)
  3 orc priests
  A jelly (D:4)
  2 orc wizards
  Robin (D:3)
  4 gnolls (D:3)
  6 adders
  A shadow imp (D:4)
  2 worms
  2 dart slugs (D:2)
  8 orcs
  6 endoplasms
  4 giant cockroaches
  21 goblins
  3 hobgoblins
  6 jackals
  7 quokkas
  4 ball pythons
  5 bats
  2 frilled lizards
  6 kobolds
  4 rats (D:1)
100 creatures vanquished.

Notes
Turn   | Place    | Note
-------+----------+-------------------------------------------
     0 | D:1      | Darkkill the Minotaur Hunter began the quest for the Orb.
     0 | D:1      | Reached XP level 1. HP: 18/18 MP: 0/0
    78 | D:1      | Reached skill level 1 in Stealth
   110 | D:1      | Reached XP level 2. HP: 25/25 MP: 1/1
   293 | D:1      | Reached XP level 3. HP: 31/31 MP: 2/2
   407 | D:1      | Upgraded the game from 0.30-a0-596-g0af90f9a20 to
                  | 0.30-a0-618-gd6c86c23d0
   701 | D:2      | Found a shadowy altar of Dithmenos.
   826 | D:2      | Reached XP level 4. HP: 36/38 MP: 3/3
  1005 | D:3      | Noticed Robin
  1014 | D:3      | Killed Robin
  1015 | D:3      | Reached skill level 5 in Ranged Weapons
  1071 | D:3      | Reached XP level 5. HP: 46/46 MP: 4/4
  1082 | D:3      | HP: 9/46 [orc priest/nerve-wracking pain (7)]
  1881 | D:4      | Reached XP level 6. HP: 53/53 MP: 5/5
  2312 | D:4      | Reached skill level 5 in Fighting
  2346 | D:4      | Noticed Edmund
  2354 | D:4      | HP: 10/56 [Edmund/+4 dire flail of holy wrath (14)]
  2354 | D:4      | Killed from afar by an orc priest

Illustrated notes

Levels and vault maps discovered:
D:1:      spicycebolla_arrival_ecumenical, layout_rooms, palyth_stone_intersect
D:2:      layout_basic, basic_altar
D:3:      layout_loops_ring, uniq_robin
D:4:      layout_basic, uniq_edmund

Skill      XL: |  1  2  3  4  5  6 |
---------------+-------------------+-----
Stealth        | 1 2 3 |  3.2
Fighting       | 3 4 5 |  5.0
Dodging        | 3 4 |  4.5
Ranged Weapons | 5 |  5.9

Action                   |  1- 3 |  4- 6 || total
-------------------------+-------+-------++-------
 Fire: Shortbow          |   108 |   155 ||   263
  Use: Scroll            |     3 |     4 ||     7
Armor: Leather armour    |     8 |     7 ||    15
Dodge: Dodged            |    26 |    54 ||    80

Table legend: (Time is in decaauts)
 A = Elapsed time spent in this place.
 B = Non-inter-level travel time spent in this place.
 C = Inter-level travel time spent in this place.
 D = Time resting spent in this place.
 E = Time spent auto-exploring this place.
 F = Levels seen in this place.
 G = Mean time per level.
                   A        B        C        D        E       F      G
               +--------+--------+--------+--------+--------+-----+--------+
         Total |   2426 |   2395 |     31 |      0 |   1921 |   4 |  606.5 |
       Dungeon |   2426 |   2395 |     31 |      0 |   1921 |   4 |  606.5 |
               +--------+--------+--------+--------+--------+-----+--------+

Top non-repeatable levels by time:
     D:3: 896 daAuts
     D:2: 567 daAuts
     D:4: 529 daAuts
     D:1: 433 daAuts

Table legend:
 A = Kills in this place as a percentage of kills in entire the game.
 B = Kills by you in this place as a percentage of kills by you in the entire game.
 C = Kills by friends in this place as a percentage of kills by friends in the entire game.
 D = Other kills in this place as a percentage of other kills in the entire game.
 E = Experience gained in this place as a percentage of experience gained in the entire game.
 F = Experience gained in this place divided by the number of levels of this place that you have seen.
                   A       B       C       D       E      F
               +-------+-------+-------+-------+-------+----------------------
         Total | 100.0 | 100.0 |   N/A |   N/A | 100.0 | 179.2
       Dungeon | 100.0 | 100.0 |   N/A |   N/A | 100.0 | 179.2
               +-------+-------+-------+-------+-------+----------------------
